[Event "Titled Tuesday Blitz June 6 Early 2023"]
[White "agvania123"]
[Black "Krutko, Anatoly"]
[BlackFideId "4185862"]
[WhiteElo "2237"]
[BlackElo "2378"]
[Result "0-1"]
[Round "1"]
[TimeControl "180+2"]
[Date "2023.06.06"]
[WhiteClock "0:01:15"]
[BlackClock "0:01:40"]
[Board "175"]

1. c4 Nf6 2. Nc3 g6 3. e4 d6 4. d3 Bg7 5. g3 O-O 6. Bg2 c5 7. Nge2 Nc6 8. O-O Ne8 9. f4 Bg4 10. h3 Bxe2 11. Nxe2 Nc7 12. a3 Ne6 13. Be3 Ned4 14. Nxd4 Nxd4 15. Kh2 Rb8 16. Rb1 b5 17. b4 cxb4 18. axb4 a5 19. bxa5 Qxa5 20. Bxd4 Bxd4 21. cxb5 Rxb5 22. Rxb5 Qxb5 23. Qb1 Rb8 24. Qxb5 Rxb5 25. h4 Rb2 26. Rd1 h5 27. Kh3 Kf8 28. Bf3 Ke8 29. Rc1 Bc5 30. g4 hxg4+ 31. Bxg4 Kf8 32. e5 Kg7 33. exd6 Bxd6 34. Rf1 Rd2 35. Rf3 f5 0-1


[Site "https://www.chess.com"]

[Event "Titled Tuesday Blitz June 6 Early 2023"]
[White "Lymar, Vladislav"]
[Black "le-castor-faineant"]
[WhiteFideId "14162180"]
[WhiteElo "2234"]
[BlackElo "2237"]
[Result "1-0"]
[Round "1"]
[TimeControl "180+2"]
[Date "2023.06.06"]
[WhiteClock "0:00:04"]
[BlackClock "0:00:04"]
[Board "176"]

1. e4 e5 2. Nf3 Nf6 3. Nc3 Nc6 4. a3 Be7 5. d4 exd4 6. Nxd4 d6 7. Be3 O-O 8. Be2 Nxd4 9. Qxd4 Bd7 10. f3 a6 11. g4 c5 12. Qd2 b5 13. h4 b4 14. axb4 cxb4 15. Na4 Bxa4 16. Rxa4 a5 17. O-O Nd7 18. g5 Nc5 19. Raa1 Qc8 20. Kg2 f5 21. Bc4+ Kh8 22. exf5 Qxf5 23. Bd4 Ne6 24. Be3 Nf4+ 25. Bxf4 Qxf4 26. Qxf4 Rxf4 27. Bd5 Ra7 28. Kg3 Rf8 29. Rfe1 Bd8 30. Re6 Rc7 31. Rae1 g6 32. Bb3 Rcf7 33. R1e3 Kg7 34. Kg2 Rf4 35. Kg3 h6 36. gxh6+ Kxh6 37. h5 Kxh5 38. Bd5 Bb6 39. Re1 Kh6 40. Be4 R4f6 41. Rh1+ Kg7 42. Re7+ R8f7 43. Re8 Bd4 44. b3 Be5+ 45. Kg2 Rf8 46. Re7+ R6f7 47. Re6 Rf6 48. Rxf6 Rxf6 49. Rd1 Rf8 50. Rd5 Rc8 51. Rxa5 Rc5 52. Ra7+ Kf6 53. Ra8 g5 54. Rf8+ Ke7 55. Rg8 Bf4 56. Kh3 Kf6 57. Kg4 Ke5 58. Re8+ Kd4 59. Bd3 Kc3 60. Rf8 Re5 61. Rb8 Re1 62. Rb7 Rg1+ 63. Kf5 Rc1 64. Be4 Kb2 65. Rb5 Rd1 66. Rxb4 Re1 67. Rb5 Kc3 68. Rd5 Rb1 69. Rb5 Rb2 70. Rb8 Rb1 71. Ke6 Rb2 72. Kd5 Rb1 73. Rc8+ Kb4 74. Rc4+ Kb5 75. Rc7 Rb2 76. Rc8 Rb1 77. c4+ Kb4 78. Bxb1 1-0


[Site "https://www.chess.com"]

[Event "Titled Tuesday Blitz June 6 Early 2023"]
[White "mohsengabr2002"]
[Black "Diaz Rosas, Julio Cesar"]
[BlackFideId "5105099"]
[WhiteElo "2236"]
[BlackElo "2284"]
[Result "0-1"]
[Round "1"]
[TimeControl "180+2"]
[Date "2023.06.06"]
[WhiteClock "0:01:34"]
[BlackClock "0:01:45"]
[Board "177"]

1. g3 d5 2. Bg2 e6 3. b3 Nf6 4. Bb2 a5 5. Nc3 Be7 6. e3 O-O 7. Nge2 c6 8. O-O b5 9. d3 a4 10. bxa4 bxa4 11. a3 Nbd7 12. Qd2 Re8 13. e4 Bb7 14. exd5 cxd5 15. d4 Nb6 16. Nd1 Nc4 17. Qc1 Nxb2 18. Nxb2 Ba6 19. Re1 Qa5 20. Nd3 Rec8 21. Ne5 Ra7 22. Nf4 Rac7 23. Ra2 Rxc2 24. Rxc2 Rxc2 25. Qa1 Bxa3 26. Bf3 Qd2 27. Re2 Qc1+ 28. Qxc1 Rxc1+ 29. Kg2 Bxe2 30. Nxe2 Rc7 31. Nd3 Bd6 32. Nec1 a3 33. Na2 Ne4 34. Bxe4 dxe4 35. Ndc1 Rc2 36. Kf1 Bb4 37. Nxb4 Rxc1+ 38. Ke2 Rb1 39. Nc6 a2 40. Ke3 a1=Q 0-1


[Site "https://www.chess.com"]

[Event "Titled Tuesday Blitz June 6 Early 2023"]
[White "Mortazavi, Ali"]
[Black "Nikulina, Alena"]
[WhiteFideId "401323"]
[BlackFideId "4172051"]
[WhiteElo "2339"]
[BlackElo "1608"]
[Result "1-0"]
[Round "1"]
[TimeControl "180+2"]
[Date "2023.06.06"]
[WhiteClock "0:00:23"]
[BlackClock "0:00:06"]
[Board "178"]

1. Nf3 d5 2. g3 c5 3. Bg2 Nf6 4. O-O Nc6 5. d3 e6 6. Nbd2 Be7 7. e4 O-O 8. Re1 dxe4 9. dxe4 e5 10. c3 Bg4 11. h3 Bh5 12. Qe2 Qc7 13. a4 Rad8 14. Nc4 Bg6 15. Nh4 b6 16. Nf5 Rfe8 17. Bg5 h6 18. Bxf6 Bxf6 19. Nfe3 Ne7 20. Rad1 Rxd1 21. Rxd1 Rd8 22. Nd5 Nxd5 23. exd5 a6 24. d6 Qb8 25. g4 b5 26. Na5 Rxd6 27. Nc6 Rxd1+ 28. Qxd1 Qc7 29. a5 e4 30. Qd5 c4 31. Bxe4 Bxe4 32. Qxe4 Qd6 33. Kg2 g6 34. Nb4 Kg7 35. Nd5 Be5 36. f4 Bf6 37. Kf3 Bd8 38. Qd4+ Kh7 39. Ke4 Qe6+ 40. Qe5 Qxe5+ 41. Kxe5 Bxa5 42. Kd6 Kg7 43. Kc6 b4 44. cxb4 Bd8 45. Kb7 a5 46. b5 a4 47. b6 f5 48. gxf5 gxf5 49. Kc6 Kf7 50. b7 c3 51. Nxc3 a3 52. bxa3 1-0


[Site "https://www.chess.com"]

[Event "Titled Tuesday Blitz June 6 Early 2023"]
[White "Afanasieva, Alexandra"]
[Black "Terletsky, Oleg"]
[WhiteFideId "34126926"]
[BlackFideId "14116774"]
[WhiteElo "1736"]
[BlackElo "2126"]
[Result "1-0"]
[Round "1"]
[TimeControl "180+2"]
[Date "2023.06.06"]
[WhiteClock "0:01:28"]
[BlackClock "0:00:59"]
[Board "179"]

1. e4 e5 2. Nf3 Nc6 3. Bb5 a6 4. Ba4 Nf6 5. O-O Be7 6. Re1 b5 7. Bb3 d6 8. c3 O-O 9. h3 Bb7 10. d4 Re8 11. Ng5 Rf8 12. Nf3 h6 13. Nbd2 Re8 14. Nf1 Bf8 15. Ng3 Qd7 16. Nh4 d5 17. exd5 Nxd5 18. Nhf5 exd4 19. Rxe8 Rxe8 20. Qg4 Re1+ 21. Kh2 Kh8 22. Bxh6 gxh6 23. Rxe1 dxc3 24. Bxd5 Qxd5 25. Re8 1-0


[Site "https://www.chess.com"]

[Event "Titled Tuesday Blitz June 6 Early 2023"]
[White "Machidon, Cristi"]
[Black "Samaganova, Aleksandra"]
[WhiteFideId "13904590"]
[BlackFideId "13800221"]
[WhiteElo "2355"]
[BlackElo "1858"]
[Result "1-0"]
[Round "1"]
[TimeControl "180+2"]
[Date "2023.06.06"]
[WhiteClock "0:01:18"]
[BlackClock "0:00:01"]
[Board "180"]

1. e4 c5 2. Nf3 e6 3. d4 cxd4 4. Nxd4 a6 5. Nc3 b5 6. Bd3 Bb7 7. a3 Qc7 8. O-O Nf6 9. Nb3 d5 10. exd5 Nxd5 11. Nxd5 Bxd5 12. Qg4 Nd7 13. Re1 Nf6 14. Qg3 Bd6 15. Qxg7 Rg8 16. Qxf6 Bxh2+ 17. Kf1 Bxg2+ 18. Ke2 Be5 19. Qh4 Qc6 20. Be3 Bf3+ 21. Kd2 Bxb2 22. Bd4 Bxa1 23. Rxa1 Kd7 24. Qf4 Kc8 25. Qxf7 Rd8 26. Re1 Bd5 27. Nc5 Qc7 28. Qxc7+ Kxc7 29. c3 Kc6 30. Nxe6 Bxe6 31. Rxe6+ Rd6 32. Re7 Rad8 33. Rxh7 a5 34. Be4+ Rd5 35. Rh5 Rd7 36. f4 Kc7 37. Rxd5 1-0


[Site "https://www.chess.com"]

[Event "Titled Tuesday Blitz June 6 Early 2023"]
[White "Larina, Maria"]
[Black "Poltorak, Sebastian"]
[WhiteFideId "24113182"]
[BlackFideId "1199498"]
[WhiteElo "1848"]
[BlackElo "2195"]
[Result "0-1"]
[Round "1"]
[TimeControl "180+2"]
[Date "2023.06.06"]
[WhiteClock "0:00:29"]
[BlackClock "0:00:55"]
[Board "181"]

1. e4 c5 2. Nc3 Nc6 3. g3 d6 4. Bg2 Nf6 5. d3 g6 6. h3 Bg7 7. Be3 Rb8 8. Qd2 h5 9. Nge2 b5 10. Bg5 b4 11. Nd1 O-O 12. O-O Nd4 13. Ne3 Nh7 14. h4 Nxe2+ 15. Qxe2 f6 16. Bf4 e5 17. Nd5 exf4 18. Nxf4 Qe8 19. a3 b3 20. c3 f5 21. Nd5 Nf6 22. Nxf6+ Bxf6 23. Rae1 Kg7 24. Qd2 Qf7 25. d4 cxd4 26. cxd4 Ba6 27. e5 Be7 28. Qa5 Bxf1 29. Bxf1 dxe5 30. dxe5 f4 31. e6 Qf6 32. Qd2 fxg3 33. fxg3 Rbd8 34. Qe2 Bc5+ 35. Kh2 Qf2+ 36. Kh3 Qxe2 37. Bxe2 Rd2 38. Bc4 Rff2 39. g4 Rf3# 0-1


[Site "https://www.chess.com"]

[Event "Titled Tuesday Blitz June 6 Early 2023"]
[White "Molenda, Marcin"]
[Black "Cramling Bellon, Anna"]
[WhiteFideId "1173065"]
[BlackFideId "32009232"]
[WhiteElo "2286"]
[BlackElo "1976"]
[Result "1-0"]
[Round "1"]
[TimeControl "180+2"]
[Date "2023.06.06"]
[WhiteClock "0:00:49"]
[BlackClock "0:00:05"]
[Board "182"]

1. c4 c5 2. Nf3 Nc6 3. d4 cxd4 4. Nxd4 Nf6 5. Nc3 d6 6. g3 g6 7. Bg2 Bd7 8. O-O Bg7 9. Nc2 O-O 10. Rb1 Ne5 11. b3 Bc6 12. e4 Nfd7 13. Nd4 Nb6 14. f4 Ned7 15. Be3 Rc8 16. Qd2 Nc5 17. Nxc6 bxc6 18. Rbd1 Qc7 19. Rfe1 Rfd8 20. Kh1 a5 21. Qc2 h5 22. e5 a4 23. Bxc5 dxc5 24. Ne4 axb3 25. axb3 Nd7 26. Bh3 Rb8 27. e6 Nf8 28. exf7+ Kxf7 29. Ng5+ Kg8 30. Be6+ Nxe6 31. Nxe6 Rxd1 32. Rxd1 Qc8 33. Qxg6 Qe8 34. Qxg7# 1-0


[Site "https://www.chess.com"]

[Event "Titled Tuesday Blitz June 6 Early 2023"]
[White "KSho99"]
[Black "Guerra Tulcan, Lenin"]
[BlackFideId "3601382"]
[WhiteElo "2202"]
[BlackElo "2368"]
[Result "0-1"]
[Round "1"]
[TimeControl "180+2"]
[Date "2023.06.06"]
[WhiteClock "0:00:14"]
[BlackClock "0:01:00"]
[Board "183"]

1. Nf3 d5 2. d4 Nf6 3. e3 c5 4. dxc5 Nc6 5. a3 a5 6. Nc3 e5 7. Bb5 Bxc5 8. Nxe5 Qb6 9. Bxc6+ bxc6 10. Na4 Qc7 11. Nxf7 Kxf7 12. Nxc5 Re8 13. h3 Kg8 14. O-O Ne4 15. Qd4 Re5 16. b3 Bxh3 17. f4 Rh5 18. gxh3 Ng3 19. Rf3 Ne2+ 20. Kg2 Nxd4 21. exd4 Re8 22. Rf2 Qc8 0-1


[Site "https://www.chess.com"]

[Event "Titled Tuesday Blitz June 6 Early 2023"]
[White "Bruedigam, Martin"]
[Black "ZeGood_ZeBad_ZeUgly"]
[WhiteFideId "24608033"]
[WhiteElo "2331"]
[BlackElo "2198"]
[Result "1-0"]
[Round "1"]
[TimeControl "180+2"]
[Date "2023.06.06"]
[WhiteClock "0:00:19"]
[BlackClock "0:00:07"]
[Board "184"]

1. d4 Nf6 2. c4 e6 3. Nc3 Bb4 4. Bd2 d6 5. e3 e5 6. Bd3 O-O 7. Nge2 Nc6 8. O-O a5 9. Qc2 h6 10. a3 Bxc3 11. Bxc3 Qe7 12. Ng3 Re8 13. b4 e4 14. Be2 h5 15. b5 Nd8 16. d5 h4 17. Nh1 Ng4 18. h3 Nh6 19. f4 Nf5 20. Qd2 b6 21. Bg4 f6 22. Qe1 Nh6 23. Bxc8 Rxc8 24. Qxh4 Ndf7 25. Ng3 Nh8 26. Qh5 Qf7 27. Qxf7+ Kxf7 28. Ne2 Ng6 29. Nd4 Nh4 30. Kf2 N6f5 31. Ne2 Rh8 32. Rh1 Rh7 33. g4 Ne7 34. Ng3 Rch8 35. Nxe4 Nhg6 36. Kg3 f5 37. Ng5+ Ke8 38. Nxh7 Rxh7 39. Rag1 Nh4 40. Kf2 fxg4 41. hxg4 g6 42. Rg3 Kf7 43. Rgh3 g5 44. fxg5 Neg6 45. Bf6 Ke8 46. Ke2 Kd7 47. Kd3 Rf7 48. Rxh4 Nxh4 49. Rxh4 Rf8 50. Rh8 Kc8 51. Rxf8+ Kb7 52. g6 Ka7 53. g7 Kb7 54. g8=Q Ka7 55. Ra8+ Kb7 56. Qc8# 1-0


[Site "https://www.chess.com"]

[Event "Titled Tuesday Blitz June 6 Early 2023"]
[White "Ruge, Edison"]
[Black "Streltsov, Alexey"]
[WhiteFideId "4401000"]
[BlackFideId "24104434"]
[WhiteElo "2175"]
[BlackElo "2544"]
[Result "0-1"]
[Round "1"]
[TimeControl "180+2"]
[Date "2023.06.06"]
[WhiteClock "0:00:07"]
[BlackClock "0:00:18"]
[Board "185"]

1. e4 c6 2. d3 d5 3. Nd2 e5 4. Ngf3 Bd6 5. g3 Nf6 6. Bg2 O-O 7. O-O Re8 8. h3 Nbd7 9. Re1 Nf8 10. Nf1 Ng6 11. N1h2 Be6 12. Nf1 Qd7 13. Kh2 Rad8 14. Qe2 h6 15. a3 b5 16. b3 a5 17. Bb2 d4 18. Bc1 Qe7 19. a4 Ra8 20. Bd2 Bb4 21. Bxb4 Qxb4 22. Qd2 Qxd2 23. N1xd2 Nd7 24. h4 Nc5 25. h5 Nf8 26. Nxe5 Bxb3 27. Nxb3 Rxe5 28. Nxd4 Nxa4 29. f4 Rxh5+ 30. Kg1 Rc5 31. e5 Ra6 32. Re2 Ne6 33. Nb3 Rc3 34. Rd2 c5 35. f5 Nd4 36. Nxd4 cxd4 37. Bd5 Rc5 38. Bb3 Rxe5 39. Bxa4 bxa4 40. Rxa4 Rxf5 41. Rxd4 a4 42. c4 a3 43. Ra2 Rg6 44. g4 Ra5 45. Kf2 f5 46. Rd8+ Kf7 47. gxf5 Rxf5+ 48. Ke3 Ra6 49. Ke4 Rf1 50. Rb8 g5 51. c5 g4 52. Rb7+ Kf6 53. Rb6+ Rxb6 54. cxb6 Kg5 55. Rxa3 Rb1 56. Ra5+ Kh4 57. Ra6 g3 58. b7 h5 59. Ra4 Rxb7 60. Kf3+ Kh3 61. Ra1 Rf7+ 62. Ke3 g2 63. d4 Rf1 64. Ra2 g1=Q+ 65. Ke4 Rf2 66. Ra3+ Qg3 67. Rxg3+ Kxg3 68. d5 h4 69. d6 Rd2 0-1


[Site "https://www.chess.com"]

[Event "Titled Tuesday Blitz June 6 Early 2023"]
[White "Vestby-Ellingsen, Mads"]
[Black "Antonova, Nadezhda"]
[WhiteFideId "1520857"]
[BlackFideId "14700182"]
[WhiteElo "2247"]
[BlackElo "1795"]
[Result "1-0"]
[Round "1"]
[TimeControl "180+2"]
[Date "2023.06.06"]
[WhiteClock "0:01:03"]
[BlackClock "0:00:15"]
[Board "186"]

1. c4 Nf6 2. g3 g6 3. Bg2 Bg7 4. Nf3 O-O 5. O-O d6 6. Nc3 Nc6 7. d4 a6 8. b3 Rb8 9. Bb2 b5 10. cxb5 axb5 11. Rc1 b4 12. Na4 Bd7 13. d5 Na7 14. Nd4 Nb5 15. Nc6 Bxc6 16. Rxc6 Nd7 17. Bxg7 Kxg7 18. Qd2 Ne5 19. Rc2 Na3 20. Rcc1 Kg8 21. f4 Nd7 22. e4 f6 23. Bh3 Rb7 24. Kg2 Kg7 25. Qe3 Nb6 26. Nxb6 Rxb6 27. Qd4 Qa8 28. Rxc7 Rb7 29. Rxb7 Qxb7 30. Rc1 Rc8 31. Rxc8 Qxc8 32. Bxc8 1-0


[Site "https://www.chess.com"]

[Event "Titled Tuesday Blitz June 6 Early 2023"]
[White "Chemin, Justo Reinaldo"]
[Black "Mika, Tomasz"]
[WhiteFideId "2101580"]
[BlackFideId "1132970"]
[WhiteElo "1940"]
[BlackElo "2186"]
[Result "1-0"]
[Round "1"]
[TimeControl "180+2"]
[Date "2023.06.06"]
[WhiteClock "0:00:10"]
[BlackClock "0:00:21"]
[Board "187"]

1. d4 Nf6 2. Nf3 e6 3. e3 d5 4. b3 c5 5. Bb2 Nc6 6. a3 Be7 7. dxc5 Bxc5 8. b4 Be7 9. c4 dxc4 10. Qxd8+ Bxd8 11. Bxc4 O-O 12. Nbd2 b6 13. Rc1 Bb7 14. O-O Be7 15. Rfd1 Rfd8 16. Bb5 Rdc8 17. Nb3 Kf8 18. Bxf6 Bxf6 19. Rd7 a6 20. Rxb7 axb5 21. Rxb6 Rxa3 22. Nbd4 Ne7 23. Rxc8+ Nxc8 24. g4 Ke8 25. Rxb5 Nd6 26. Rb8+ Kd7 27. b5 Bd8 28. Ne5+ Kc7 29. Ndc6 Nc8 30. b6+ Nxb6 31. Rxd8 f6 32. Rg8 fxe5 33. Nxe5 Nd5 34. Rxg7+ Kd8 35. Rxh7 Ra1+ 36. Kg2 Ra2 37. h4 Nxe3+ 38. Kf3 Nd5 39. g5 Ra4 40. g6 Ra3+ 41. Kg2 Nf6 42. Rf7 Ne8 43. g7 Nxg7 44. Rxg7 Ra5 45. f4 Ra2+ 46. Kg3 Ra3+ 47. Kg4 Ke8 48. Kg5 Kf8 49. Kh6 Rh3 50. h5 Rh1 51. Ng6+ Ke8 52. Re7+ Kd8 53. Rxe6 Ra1 54. Rf6 Ra3 55. Rf5 Ra5 56. Rxa5 1-0


[Site "https://www.chess.com"]

[Event "Titled Tuesday Blitz June 6 Early 2023"]
[White "Garcia Blanco, Omar"]
[Black "Ciuffoletti, Paolo"]
[WhiteFideId "2287153"]
[BlackFideId "807630"]
[WhiteElo "2356"]
[BlackElo "2143"]
[Result "1-0"]
[Round "1"]
[TimeControl "180+2"]
[Date "2023.06.06"]
[WhiteClock "0:02:32"]
[BlackClock "0:00:44"]
[Board "188"]

1. e4 c5 2. Nc3 Nc6 3. Bb5 e6 4. Bxc6 bxc6 5. d3 d6 6. f4 Ne7 7. Nf3 g6 8. O-O Bg7 9. e5 d5 10. Na4 Qa5 11. c4 dxc4 12. dxc4 Ba6 13. b3 Rd8 14. Qe1 Qxe1 15. Rxe1 Nf5 16. Nxc5 Bc8 17. g4 Nh6 18. h3 f6 19. Ne4 O-O 20. exf6 Bxf6 21. Nxf6+ Rxf6 22. g5 Rf5 23. gxh6 Rd3 24. Be3 c5 25. Rad1 Rxd1 26. Rxd1 1-0


[Site "https://www.chess.com"]

[Event "Titled Tuesday Blitz June 6 Early 2023"]
[White "Amitpal, Singh"]
[Black "Camilla_Lee"]
[WhiteFideId "5012899"]
[WhiteElo "2107"]
[BlackElo "2536"]
[Result "1/2-1/2"]
[Round "1"]
[TimeControl "180+2"]
[Date "2023.06.06"]
[WhiteClock "0:00:09"]
[BlackClock "0:00:05"]
[Board "189"]

1. e4 e5 2. Nf3 Nc6 3. d4 exd4 4. Nxd4 Nf6 5. Nc3 Bb4 6. Nxc6 bxc6 7. Bd3 d5 8. exd5 Qe7+ 9. Qe2 Qxe2+ 10. Bxe2 cxd5 11. Bd2 c6 12. O-O-O O-O 13. f3 Bf5 14. g4 Bg6 15. h4 h6 16. g5 hxg5 17. hxg5 Nd7 18. Kb1 Rfe8 19. Bf1 Ne5 20. f4 Nf3 21. Bc1 d4 22. Ne2 Rad8 23. Ng3 f6 24. Bc4+ Bf7 25. Bd3 fxg5 26. fxg5 Ne5 27. Be4 c5 28. Rh3 Be6 29. Rh4 Bd5 30. Bh7+ Kf8 31. Rf1+ Ke7 32. Nf5+ Kd7 33. Nxg7 Rf8 34. Rhf4 Rxf4 35. Bxf4 Nc4 36. Bf5+ Kc6 37. Ne6 Re8 38. Ng7 Rf8 39. Bc1 Bd2 40. Bd7+ Kxd7 41. Rxf8 Bxc1 42. Kxc1 Ne5 43. Rf5 Kd6 44. Ne8+ Ke6 45. Nc7+ Kxf5 46. Nxd5 Kxg5 47. Ne7 Kf4 48. Nc8 a6 49. Nb6 Ke3 50. Na4 c4 51. Nb6 Ke4 52. b3 c3 53. Na4 Ke3 54. Nc5 Nc6 55. Nxa6 d3 56. cxd3 Kxd3 57. Nc5+ Kd4 58. Na4 Nb4 59. Nxc3 Kxc3 60. Kb1 Nd3 61. a3 Kxb3 62. a4 Kxa4 1/2-1/2


[Site "https://www.chess.com"]

[Event "Titled Tuesday Blitz June 6 Early 2023"]
[White "Bilan, Danila"]
[Black "Pinales Roussel, Gabriel"]
[WhiteFideId "24161918"]
[BlackFideId "3101762"]
[WhiteElo "2146"]
[BlackElo "2027"]
[Result "1-0"]
[Round "1"]
[TimeControl "180+2"]
[Date "2023.06.06"]
[WhiteClock "0:00:04"]
[BlackClock "0:00:10"]
[Board "190"]

1. d4 c5 2. e3 Nf6 3. Nf3 b6 4. Bc4 Bb7 5. c3 e6 6. O-O Be7 7. Nbd2 O-O 8. Qe2 d5 9. Bd3 c4 10. Bc2 b5 11. a3 Nbd7 12. e4 dxe4 13. Nxe4 Nxe4 14. Bxe4 Bxe4 15. Qxe4 Nf6 16. Qc6 Rb8 17. Ne5 Rb6 18. Qf3 Nd5 19. Re1 a5 20. Bd2 b4 21. Nxc4 bxc3 22. bxc3 Rb3 23. Reb1 Rxb1+ 24. Rxb1 Qc7 25. Ne5 Bxa3 26. c4 Bb4 27. cxd5 Bxd2 28. dxe6 fxe6 29. Qd3 Bb4 30. Rf1 Rd8 31. Qb3 Qb6 32. Nf3 Rd5 33. h3 Qb5 34. Rc1 Qb8 35. Qe3 Qe8 36. Ne5 Bd6 37. Nc4 Bf8 38. Nb6 Rb5 39. d5 e5 40. Rc8 Qe7 41. Nc4 Rxd5 42. f3 Rd1+ 43. Kf2 Qb4 44. Qe4 Qa3 45. Kg3 Qxf3+ 46. gxf3 Rg1+ 47. Kf2 Rg6 48. Qd5+ 1-0


[Site "https://www.chess.com"]

[Event "Titled Tuesday Blitz June 6 Early 2023"]
[White "Araujo Filho, Luiz Antonio Coel"]
[Black "Moral Garcia, Serafin"]
[WhiteFideId "2130661"]
[BlackFideId "2201925"]
[WhiteElo "2056"]
[BlackElo "2274"]
[Result "0-1"]
[Round "1"]
[TimeControl "180+2"]
[Date "2023.06.06"]
[WhiteClock "0:00:38"]
[BlackClock "0:00:48"]
[Board "191"]

1. d4 Nf6 2. Nf3 g6 3. c4 Bg7 4. Nc3 d5 5. cxd5 Nxd5 6. e4 Nxc3 7. bxc3 c5 8. Be2 O-O 9. O-O Nc6 10. Be3 Bg4 11. e5 cxd4 12. cxd4 Rc8 13. h3 Be6 14. Qa4 Qa5 15. Qxa5 Nxa5 16. Ng5 Bc4 17. Bxc4 Nxc4 18. Rab1 b6 19. Ne4 Rfd8 20. Rfc1 Na3 21. Rxc8 Rxc8 22. Rb3 Nc2 23. Rc3 Rxc3 24. Nxc3 f6 25. e6 f5 26. Nd5 Kf8 27. Nc7 Bxd4 28. Bh6+ Bg7 29. Bg5 Nd4 30. Kf1 Be5 31. Bh6+ Kg8 32. Nd5 Bf6 33. Nxf6+ exf6 34. e7 Kf7 0-1


[Site "https://www.chess.com"]

[Event "Titled Tuesday Blitz June 6 Early 2023"]
[White "Hajiyev, Kanan"]
[Black "Francisco_Ferrari"]
[WhiteFideId "13404148"]
[WhiteElo "2115"]
[BlackElo "2145"]
[Result "1-0"]
[Round "1"]
[TimeControl "180+2"]
[Date "2023.06.06"]
[WhiteClock "0:00:11"]
[BlackClock "0:00:14"]
[Board "192"]

1. d4 Nf6 2. c4 e6 3. Nc3 d5 4. cxd5 exd5 5. Qc2 c6 6. Nf3 g6 7. Bg5 Bf5 8. Qb3 Bg7 9. Qxb7 O-O 10. Qxa8 Qb6 11. Na4 Qb4+ 12. Bd2 Qxa4 13. Qb7 Re8 14. Qb3 Qa6 15. e3 Qc8 16. Bd3 Ne4 17. O-O Nd7 18. Rac1 Ndf6 19. Qc2 Ng4 20. Be1 Re6 21. h3 Ngf6 22. Ne5 h5 23. Nxc6 Qe8 24. Ne5 h4 25. Qc8 Qxc8 26. Rxc8+ Kh7 27. Nxf7 Rb6 28. b3 Bxc8 29. f3 Nd6 30. Ne5 Bf5 31. Be2 g5 32. Ba5 Be6 33. Bxb6 axb6 34. Bd3+ Nf5 35. Rc1 Kh6 36. Kf2 Nh5 37. Rc6 Nhg3 38. Rxe6+ Kh7 39. Nd7 Kg8 40. Nxb6 Nxd4 41. exd4 Bxd4+ 42. Ke1 Nh1 43. Nxd5 Bf2+ 44. Ke2 Ng3+ 45. Kd2 Bg1 46. Re4 Kf7 47. Rd4 Nf1+ 48. Ke2 Bxd4 49. Kxf1 Bb2 50. Ke2 Ba3 51. Be4 Bd6 52. Kd3 Be5 53. Ne3 Bd6 54. Ng4 Ke6 55. Kc4 Bc7 56. a4 Bf4 57. a5 Be3 58. Kb5 Ba7 59. b4 Bg1 60. Ka6 Ba7 61. b5 Be3 62. b6 1-0


[Site "https://www.chess.com"]

[Event "Titled Tuesday Blitz June 6 Early 2023"]
[White "Floresvillar Gonzalez, Luis Migu"]
[Black "Sharan, Rao"]
[WhiteFideId "5100542"]
[BlackFideId "5073464"]
[WhiteElo "2040"]
[BlackElo "2149"]
[Result "1/2-1/2"]
[Round "1"]
[TimeControl "180+2"]
[Date "2023.06.06"]
[WhiteClock "0:00:41"]
[BlackClock "0:00:04"]
[Board "193"]

1. d4 Nf6 2. c3 e6 3. Bg5 Be7 4. Nf3 O-O 5. Nbd2 d5 6. e3 Ne4 7. Bxe7 Qxe7 8. Bd3 f5 9. Ne5 Nd7 10. O-O Nxe5 11. dxe5 c5 12. f3 Nxd2 13. Qxd2 Bd7 14. f4 Bc6 15. a4 Rad8 16. Bb5 Qc7 17. Rfd1 a6 18. Bxc6 Qxc6 19. a5 Rd7 20. b4 Rc8 21. Rac1 Rdc7 22. h3 cxb4 23. cxb4 Qxc1 24. Rxc1 Rxc1+ 25. Kh2 R8c4 26. b5 axb5 27. a6 bxa6 28. Qa5 h6 29. Qxa6 Rc6 30. Qxb5 R1c2 31. h4 Kh7 32. h5 Rc8 33. Qd7 R2c6 34. Qf7 Kh8 35. Qd7 Kh7 36. Qf7 Ra6 37. Qg6+ Kg8 38. Qg3 Rc2 39. Qh4 Raa2 40. Qd8+ Kh7 41. Qe8 Rxg2+ 42. Kh3 Rh2+ 43. Kg3 Rag2+ 44. Kf3 Rf2+ 45. Kg3 Rhg2+ 46. Kh3 Rg4 47. Qxe6 Rf3+ 48. Kh2 Rf2+ 49. Kh3 Rf3+ 50. Kh2 Rf2+ 51. Kh1 Rf1+ 52. Kh2 Rf2+ 1/2-1/2


[Site "https://www.chess.com"]

[Event "Titled Tuesday Blitz June 6 Early 2023"]
[White "Taichman, Ori"]
[Black "Zallio, Luciano de Souza"]
[WhiteFideId "2804069"]
[BlackFideId "2109700"]
[WhiteElo "2237"]
[BlackElo "2057"]
[Result "1-0"]
[Round "1"]
[TimeControl "180+2"]
[Date "2023.06.06"]
[WhiteClock "0:00:12"]
[BlackClock "0:00:16"]
[Board "194"]

1. e4 e6 2. d4 d5 3. Nc3 Nf6 4. Bg5 Be7 5. e5 Nfd7 6. Bxe7 Qxe7 7. f4 a6 8. Nf3 c5 9. dxc5 Nc6 10. Qd2 Nxc5 11. a3 O-O 12. Bd3 Nxd3+ 13. cxd3 f6 14. Qe3 fxe5 15. Nxe5 Qh4+ 16. g3 Qh3 17. Ne2 Nxe5 18. fxe5 Qg2 19. O-O-O Rf3 20. Rhg1 Qf2 21. Qxf2 Rxf2 22. Kd2 Rxh2 23. Rc1 Bd7 24. Rc7 Bc6 25. Ke3 Rf8 26. Nf4 Re8 27. b4 g5 28. Ne2 Rf8 29. Nd4 Rff2 30. Nxe6 g4 31. Rc8+ Kf7 32. Rf8+ Kxe6 33. Rxf2 d4+ 34. Ke2 Bf3+ 35. Ke1 Rh6 36. Rc2 Kxe5 37. Rc5+ Kd6 38. Rf1 Rh3 39. Rg1 Rh2 40. a4 Rb2 41. Rh5 Rxb4 42. Rxh7 Rb2 43. a5 Kc5 44. Rf1 Re2+ 45. Kd1 Rg2+ 46. Kc1 Rxg3 47. Rh5+ Kb4 48. Rf2 Kc3 49. Rc5+ Kxd3 50. Rd2+ Ke3 51. Re5+ Be4 52. Rd1 Kf4 53. Re7 Bf3 54. Rxd4+ Kg5 55. Rg7+ Kf6 56. Rdd7 Rg2 57. Rgf7+ Ke5 58. Rde7+ Kd4 59. Rd7+ Ke3 60. Rfe7+ Kf4 61. Rd6 g3 62. Rf6+ Kg4 63. Rg6+ Kh5 64. Reg7 Be4 65. Rxg3 Rxg3 66. Rxg3 Bc6 67. Kd2 Kh4 68. Rg1 Kh3 69. Ke3 Kh2 70. Rg7 Kh3 71. Kd4 Kh4 72. Kc5 Kh5 73. Kb6 Kh6 74. Rxb7 Bf3 75. Kxa6 Kg6 76. Re7 Kf6 77. Re3 Bd5 78. Kb6 Bg2 79. a6 Kf5 80. a7 Kf6 81. Re8 Bd5 82. a8=Q Bxa8 83. Rxa8 Ke7 84. Rc8 Kd7 85. Rc6 1-0


[Site "https://www.chess.com"]

[Event "Titled Tuesday Blitz June 6 Early 2023"]
[White "Winkels, Marcel"]
[Black "Mladek, Richard"]
[WhiteFideId "1003887"]
[BlackFideId "386588"]
[WhiteElo "1900"]
[BlackElo "2332"]
[Result "0-1"]
[Round "1"]
[TimeControl "180+2"]
[Date "2023.06.06"]
[WhiteClock "0:00:04"]
[BlackClock "0:00:31"]
[Board "195"]

1. d4 Nf6 2. Nc3 g6 3. e4 d6 4. f4 Bg7 5. Nf3 O-O 6. Be2 c5 7. dxc5 Nc6 8. cxd6 exd6 9. O-O Re8 10. Bd3 Qb6+ 11. Kh1 Bg4 12. Qe1 d5 13. e5 d4 14. Ne4 Nxe4 15. Qxe4 f6 16. h3 Bf5 17. Qe2 Bxd3 18. Qxd3 fxe5 19. Qc4+ Kh8 20. Ng5 Nd8 21. fxe5 Rxe5 22. Bf4 Rc5 23. Qb3 Qxb3 24. cxb3 h6 25. Nf3 Ne6 26. Bd6 Rd5 27. Ba3 d3 28. Rad1 Nf4 29. Ne1 Ne2 30. Kh2 Be5+ 31. Kh1 Ng3+ 32. Kg1 Bd4+ 33. Kh2 Nxf1+ 0-1


[Site "https://www.chess.com"]

[Event "Titled Tuesday Blitz June 6 Early 2023"]
[White "Srdanovic, Jovana"]
[Black "Lisjak, Zlatko"]
[WhiteFideId "954810"]
[BlackFideId "14502186"]
[WhiteElo "2155"]
[BlackElo "1998"]
[Result "1-0"]
[Round "1"]
[TimeControl "180+2"]
[Date "2023.06.06"]
[WhiteClock "0:01:08"]
[BlackClock "0:00:31"]
[Board "196"]

1. d4 d6 2. c4 e5 3. d5 f5 4. e4 Nf6 5. Nc3 g6 6. Nge2 Bg7 7. Qc2 O-O 8. Bd2 Na6 9. a3 Nc5 10. f3 a5 11. O-O-O a4 12. Kb1 fxe4 13. fxe4 Nfxe4 14. Nxe4 Nxe4 15. Ng3 Nf2 16. Bd3 Nxh1 17. Rxh1 Qh4 18. Qc1 h6 19. Be3 Bf5 20. Nxf5 gxf5 21. g3 Qh5 22. Qd2 Rae8 23. Bc2 f4 24. gxf4 exf4 25. Bd4 Re2 26. Qd1 Bxd4 27. Qxd4 Qf3 28. Rg1+ Rg2 29. Be4 1-0


[Site "https://www.chess.com"]